 Dungeon Crawl Stone Soup version 0.21.1-1-g345015f (webtiles) character file.

5876 RudyRod the Cleaver (level 10, -1/81 HPs)
             Began as a Minotaur Fighter on May 17, 2018.
             Was an Elder of Okawaru.
             Killed by the air
             ... invoked by Gastronok
              (20 damage)
             ... on level 10 of the Dungeon.
             The game lasted 00:28:05 (9421 turns).

RudyRod the Cleaver (Minotaur Fighter)              Turns: 9421, Time: 00:28:06

Health: -1/81      AC: 15    Str: 24    XL:     10   Next: 52%
Magic:  9/9        EV: 10    Int: 10    God:    Okawaru [****..]
Gold:   525        SH: 11    Dex: 10    Spells: 9/9 levels left

rFire    . . .     SeeInvis .   x - +6 trident "Azuade" {pierce, Int+5}
rCold    . . .     Gourm    .   c - +0 shield
rNeg     . . .     Faith    .   v - +3 scale mail
rPois    .         Spirit   .   (helmet restricted)
rElec    .         Reflect  .   p - +0 cloak
rCorr    .         Harm     .   y - +0 pair of gloves
MR       +....                  R - +0 pair of boots (curse)
Stlth    ..........             (no amulet)
HPRegen  0.23/turn              (no ring)
MPRegen  0.11/turn              (no ring)

@: lethally poisoned (-1 -> -10), slowed, very slow
A: retaliatory headbutt, horns 2, talons 1, blurry vision 1, frail 1, magic
resistance 1
a: Heroism, Renounce Religion


You were on level 10 of the Dungeon.
You worshipped Okawaru.
Okawaru was greatly pleased with you.
You were not hungry.

You visited 2 branches of the dungeon, and saw 11 of its levels.

You collected 525 gold pieces.

Inventory:

Hand Weapons
 a - a +0 war axe
 x - the +6 trident "Azuade" (weapon) {pierce, Int+5}
   (You found it on level 6 of the Dungeon)

   It inflicts extra damage upon your enemies.
   It affects your intelligence (+5).
 N - a +2 war axe of venom
Missiles
 r - a javelin of penetration (quivered)
 K - a throwing net
Armour
 b - a +0 scale mail
 c - a +0 shield (worn)
 g - a +0 pair of boots
 n - a cursed +0 leather armour
 p - a +0 cloak (worn)
 v - a +3 scale mail (worn)
 y - a +0 pair of gloves (worn)
 R - a cursed +0 pair of boots (worn)
Jewellery
 P - an uncursed ring of resist corrosion {unknown}
 Q - a cursed -3 ring of strength {unknown}
Wands
 u - a wand of flame (77)
 w - a wand of digging (14)
 F - a wand of iceblast (11)
 M - a wand of paralysis (10)
 O - a wand of enslavement (8)
 T - a wand of disintegration (18)
Scrolls
 h - 2 scrolls of amnesia
 k - 4 scrolls of blinking
 o - 2 scrolls of enchant weapon {unknown}
 q - 2 scrolls of teleportation
 z - 2 scrolls of magic mapping
 A - a scroll of enchant armour {unknown}
 B - 2 scrolls of fear {unknown}
 C - a scroll of torment {unknown}
 D - 4 scrolls of remove curse {unknown}
 H - a scroll of random uselessness {unknown}
 J - a scroll of summoning {unknown}
 L - 4 scrolls of identify
Potions
 d - a potion of might
 e - 4 potions of flight
 i - 3 potions of curing
 j - a potion of experience {unknown}
 s - a potion of agility
 t - a potion of brilliance
 E - a potion of resistance {unknown}
 G - 2 potions of magic {unknown}
Books
 m - a book of Necromancy

   Spells                             Type                      Level
   a - Pain                           Necromancy                   1
   b - Animate Skeleton               Necromancy                   1
   c - Vampiric Draining              Necromancy                   3
   d - Regeneration                   Charms/Necromancy            3
   e - Animate Dead                   Necromancy                   4
   f - Borgnjor's Vile Clutch         Necromancy/Earth             5
 I - a Young Poisoner's Handbook

   Spells                             Type                      Level
   a - Sting                          Conjuration/Poison           1
   b - Poisonous Vapours              Poison/Air                   2
   c - Mephitic Cloud                 Conjuration/Poison/Air       3
   d - Olgreb's Toxic Radiance        Poison                       4
   e - Venom Bolt                     Conjuration/Poison           5
Comestibles
 f - 21 rations
 S - 3 chunks of flesh


   Skills:
 + Level 8.6 Fighting
 + Level 10.5(11.3) Axes
 + Level 7.3(9.9) Polearms
 + Level 0.8 Throwing
 + Level 8.3 Armour
 + Level 4.7 Dodging
 + Level 2.0 Stealth
 + Level 7.6 Shields


You had 9 spell levels left.
You didn't know any spells.

Dungeon Overview and Level Annotations

Branches:
Dungeon (10/15)            Temple (1/1) D:7
   Lair: D:8-11         Orc: D:9-12

Altars:
Ashenzari
Cheibriados
Dithmenos
Elyvilon
Fedhas
Gozag
Hepliaklqana
Kikubaaqudgha
Makhleb
Nemelex Xobeh
Okawaru
Qazlal
Ru
Sif Muna
Trog
Uskayaw
Vehumet
Wu Jian
Xom
Yredelemnul
Zin
The Shining One

Shops:
D:6 *   D:10 [

Annotations:
D:10 Erolcha, Gastronok, Sonja


Innate Abilities, Weirdness & Mutations

You reflexively headbutt those who attack you in melee.
You have a pair of horns on your head.
You have sharp toenails.
Scrolls take you a little longer to read.
You are frail. (-10% HP)
You are resistant to hostile enchantments. (MR+)


Message History

* * * LOW HITPOINT WARNING * * *
* * * LOW HITPOINT WARNING * * *
You feel very sick.
Gastronok wobbles crazily.
The rat barely misses you. You furiously retaliate!
You headbutt the rat, but do no damage.
* * * LOW HITPOINT WARNING * * *
You feel sick.
Erolcha casts a spell.
Erolcha seems to speed up.
You feel much better.
You feel sick. The rat closely misses you. You block the rat's attack.
Okay, then.
Really read with blurry vision while enemies are nearby?
You feel sick.
You begin reading the scroll.
You continue reading the scroll.
You feel sick. You block the rat's attack.
Gastronok waves his eye-stalks in wide circles.
The air twists around and strikes you!
You die...

#.....#.........
#.....+......... ...#
+.....#......... ...#
#...>.#.##########..########
##....#.#........#.........##
.#....#.#........#..........[.
.#....#.#........#....(.......
.# #.#'#....###............
.######...#....'@rO..........
..........#....###KO.......#
..........#......#..(w.....#
..........#......#...(.....#
..........#......#.........#
..........########.........#
............ ............#
............. .............+
............. .............#


You could see Gastronok, Erolcha, Sonja, an ogre and a rat.

Vanquished Creatures
  2 two-headed ogres (D:8)
  Prince Ribbit (D:6)
  A hippogriff (D:10)
  A wraith (D:9)
  A hungry ghost (D:9)
  A steam dragon (D:8)
  3 orc warriors
  An ice beast (D:6)
  3 sky beasts
  A phantom (D:10)
  An eye of draining (D:9)
  7 ogres
  A centaur (D:6)
  Blork the orc (D:6)
  8 bullfrogs
  2 scorpions
  A howler monkey (D:9)
  5 crimson imps
  A bullfrog zombie (D:5)
  Crazy Yiuf (D:6)
  5 orc priests
  4 bullfrog skeletons
  A jelly (D:7)
  A centaur skeleton (D:6)
  A gnoll shaman (D:9)
  Natasha (thrice) (D:3)
  Terence (D:3)
  3 iguanas
  11 orc wizards
  6 worker ants
  A hound skeleton (D:3)
  A hound zombie (D:8)
  Robin (D:3)
  13 adders
  11 gnolls
  6 shadow imps
  An ooze (D:5)
  An adder skeleton (D:8)
  5 worms
  2 dart slugs
  3 leopard geckos
  27 orcs
  7 bats
  6 giant cockroaches
  19 goblins
  6 hobgoblins
  11 jackals
  3 quokkas
  3 ball pythons
  4 frilled lizards
  2 jackal skeletons
  5 kobolds
  11 rats
228 creatures vanquished.

Notes
Turn   | Place    | Note
-------+----------+-------------------------------------------
     0 | D:1      | RudyRod the Minotaur Fighter began the quest for the Orb.
     0 | D:1      | Reached XP level 1. HP: 19/19 MP: 0/0
   161 | D:1      | Reached XP level 2. HP: 23/27 MP: 1/1
   697 | D:2      | Reached XP level 3. HP: 25/33 MP: 2/2
   748 | D:2      | Reached skill level 3 in Axes
   911 | D:2      | Found a glowing golden altar of the Shining One.
  1427 | D:3      | Reached XP level 4. HP: 41/41 MP: 3/3
  1632 | D:2      | Reached skill level 4 in Axes
  1640 | D:2      | Reached skill level 1 in Dodging
  1839 | D:3      | Reached XP level 5. HP: 41/47 MP: 4/4
  1950 | D:3      | Noticed Natasha
  1955 | D:3      | Killed Natasha
  1955 | D:3      | Reached skill level 5 in Armour
  2103 | D:3      | Noticed Robin
  2126 | D:3      | Killed Robin
  2380 | D:3      | Reached skill level 5 in Fighting
  2391 | D:3      | Reached XP level 6. HP: 37/56 MP: 5/5
  2500 | D:3      | Noticed Natasha
  2506 | D:3      | Killed Natasha
  2506 | D:3      | Reached skill level 5 in Axes
  2571 | D:3      | Noticed Terence
  2581 | D:3      | Killed Terence
  2731 | D:3      | Noticed Natasha
  2736 | D:3      | Killed Natasha
  2861 | D:4      | Gained mutation: Scrolls take you a little longer to read. [potion of mutation]
  2861 | D:4      | Gained mutation: You have sharp toenails. [potion of mutation]
  2861 | D:4      | Gained mutation: You are frail. (-10% HP) [potion of mutation]
  2861 | D:4      | Gained mutation: You are resistant to hostile enchantments. (MR+) [potion of mutation]
  3105 | D:4      | Found a shattered altar of Ashenzari.
  3142 | D:4      | Reached skill level 6 in Axes
  3142 | D:4      | Reached XP level 7. HP: 38/54 MP: 6/6
  3596 | D:4      | Reached skill level 5 in Shields
  4097 | D:5      | Entered Level 5 of the Dungeon
  4112 | D:5      | Reached skill level 7 in Axes
  4534 | D:5      | Reached XP level 8. HP: 63/63 MP: 7/7
  5116 | D:6      | Noticed Prince Ribbit
  5299 | D:6      | Reached skill level 8 in Axes
  5337 | D:6      | Found an iron altar of Okawaru.
  5347 | D:6      | Became a worshipper of Warmaster Okawaru
  5525 | D:6      | Reached skill level 9 in Axes
  5694 | D:6      | Found Japnukha's General Store.
  5760 | D:6      | Found an ancient bone altar of Kikubaaqudgha.
  5831 | D:6      | Killed Prince Ribbit
  5831 | D:6      | Reached * piety under Okawaru
  5831 | D:6      | Reached XP level 9. HP: 57/71 MP: 8/8
  5883 | D:6      | Noticed Blork the orc
  5893 | D:6      | Killed Blork the orc
  5898 | D:6      | Found a runed door.
  5902 | D:6      | Noticed Crazy Yiuf
  5909 | D:6      | Killed Crazy Yiuf
  5909 | D:6      | Reached skill level 1 in Stealth
  6072 | D:6      | Got an ichor-stained trident
  6073 | D:6      | Identified the +6 trident "Azuade" {pierce, Int+5} (You found it on level 6 of the Dungeon)
  6204 | D:7      | Found a hide-covered altar of Uskayaw.
  6219 | D:7      | Reached skill level 10 in Axes
  6446 | D:7      | Found a staircase to the Ecumenical Temple.
  6454 | Temple   | Entered the Ecumenical Temple
  6786 | D:7      | Found a hazy altar of Hepliaklqana.
  6984 | D:7      | Reached ** piety under Okawaru
  7061 | D:8      | Noticed a two-headed ogre
  7067 | D:8      | Killed a two-headed ogre
  7357 | D:8      | Found an opulent altar of Gozag.
  7546 | D:8      | Noticed a two-headed ogre
  7554 | D:8      | Killed a two-headed ogre
  7554 | D:8      | Reached *** piety under Okawaru
  7554 | D:8      | Reached XP level 10. HP: 79/79 MP: 9/9
  7598 | D:8      | Reached skill level 5 in Polearms
  8088 | D:9      | Noticed a centaur warrior
  8092 | D:9      | Noticed a white ugly thing
  8109 | D:9      | Noticed a deep elf mage
  8110 | D:9      | Noticed a cyclops
  8264 | D:9      | Found a deep blue altar of Sif Muna.
  9041 | D:10     | Entered Level 10 of the Dungeon
  9069 | D:10     | Reached **** piety under Okawaru
  9234 | D:10     | Found Noyxygg's Armour Boutique.
  9254 | D:10     | Noticed Sonja
  9409 | D:10     | Noticed Gastronok
  9410 | D:10     | Noticed Erolcha
  9417 | D:10     | HP: 4/81 [poisoned by Sonja (curare-tipped needle)]
  9421 | D:10     | Killed from afar by Gastronok

Skill      XL: |  1  2  3  4  5  6  7  8  9 10 |
---------------+-------------------------------+-----
Fighting       | 4 5 6 7 8 |  8.6
Armour         | 4 5 6 7 8 |  8.3
Axes           | 3 4 6 7 9 10 | 10.5
Shields        | 4 5 6 7 |  7.6
Dodging        | 1 2 3 4 |  4.7
Stealth        | 1 2 |  2.0
Polearms       | 4 7 |  7.3
Throwing       | |  0.8

Action                   |  1- 3 |  4- 6 |  7- 9 | 10-12 || total
-------------------------+-------+-------+-------+-------++-------
Melee: War axe           |   102 |   149 |   203 |       ||   454
       Headbutt          |     9 |    32 |    36 |    11 ||    88
       Kick              |       |     3 |    39 |       ||    42
       Trident           |       |       |    53 |   109 ||   162
Throw: Javelin           |       |       |     5 |     2 ||     7
       Throwing net      |       |       |     1 |       ||     1
Invok: Heroism           |       |       |       |     1 ||     1
  Use: Scroll            |     5 |     2 |     3 |     1 ||    11
       Potion            |       |     2 |     1 |     1 ||     4
 Stab: Held in net/web   |       |       |     1 |       ||     1
       Sleeping          |       |       |     1 |       ||     1
  Eat: Chunk             |     2 |     5 |     8 |     4 ||    19
       Ration            |       |       |     2 |     2 ||     4
Armor: Scale mail        |    47 |    68 |    89 |    35 ||   239
Dodge: Dodged            |    31 |    57 |    72 |    25 ||   185
Block: Shield            |    51 |    96 |   118 |    53 ||   318
